 Dungeon Crawl Stone Soup version 0.26-a0-543-ge420d365 (webtiles) character file.

Game seed: 14178615308251982082

27298 MrTaco21 the Blocker (level 13, 0/91 HPs)
             Began as a Gargoyle Fighter on Aug 18, 2020.
             Was the Champion of Okawaru.
             Slain by Rupert
             ... wielding a +2 battleaxe of freezing
              (1 damage)
             ... on level 14 of the Dungeon.
             The game lasted 00:45:10 (19853 turns).

MrTaco21 the Blocker (Gargoyle Fighter)            Turns: 19853, Time: 00:45:11

Health: 0/91       AC: 26    Str: 25    XL:     13   Next: 31%
Magic:  13/13      EV:  8    Int: 12    God:    Okawaru [******]
Gold:   904        SH: 14    Dex:  9    Spells: 12/12 levels left

rFire    . . .     SeeInvis .   A - +0 demon whip
rCold    . . .     Faith    .   f - +1 kite shield
rNeg     + + .     Spirit   .   C - +0 chain mail
rPois    ∞         Reflect  .   U - +0 helmet
rElec    +         Harm     .   y - +0 cloak
rCorr    .                      G - +0 pair of gloves
MR       .....                  (no boots)
Stlth    ..........             b - amulet "Misa" {Regen+ Int+3}
HPRegen  0.65/turn              O - ring of positive energy
MPRegen  0.13/turn              K - +4 ring of protection

@: invisible
A: negative energy resistance 1, electricity resistance, unbreathing,
petrification resistance, rot immunity, AC +9
a: Heroism, Finesse, Renounce Religion


You were on level 14 of the Dungeon.
You worshipped Okawaru.
Okawaru was exalted by your worship.
You visited 2 branches of the dungeon, and saw 16 of its levels.
You also visited: Sewer and Bailey.

You collected 966 gold pieces.
You spent 62 gold pieces at shops.

Inventory:

Hand Weapons
 e - a +2 whip of electrocution
   (You found it on level 4 of the Dungeon)
 A - a +0 demon whip (weapon)
   (You found it on level 8 of the Dungeon)
Missiles
 l - 48 poisoned darts (quivered)
 N - 2 throwing nets {!f}
Armour
 f - a +1 kite shield (worn)
 y - a +0 cloak (worn)
   (You found it on level 13 of the Dungeon)
 C - a +0 chain mail (worn)
   (You took it off an orc on level 8 of the Dungeon)
 G - a +0 pair of gloves (worn)
   (You found it on level 11 of the Dungeon)
 T - +0 acid dragon scales
   (You found it on level 14 of the Dungeon)
 U - a +0 helmet (worn)
   (You took it off Robin on level 4 of the Dungeon)
Jewellery
 b - the amulet "Misa" (around neck) {Regen+ Int+3}
   (You took it off an orc on level 9 of the Dungeon)

   [amulet of regeneration]

   It affects your intelligence (+3).
   It increases your rate of regeneration.
 K - a +4 ring of protection (right hand)
   (You found it on level 11 of the Dungeon)
 O - a ring of positive energy (left hand)
   (You found it on level 3 of the Dungeon)
Wands
 c - a wand of disintegration (33)
   (You found it on level 10 of the Dungeon)
 t - a wand of flame (47)
   (You found it on level 3 of the Dungeon)
 u - a wand of paralysis (7)
   (You took it off Maurice on level 13 of the Dungeon)
 v - a wand of digging (4)
   (You found it on level 13 of the Dungeon)
 x - a wand of acid (5)
   (You took it off an efreet on level 14 of the Dungeon)
 F - a wand of enslavement (11)
   (You found it on level 10 of the Dungeon)
 R - a wand of polymorph (9)
   (You found it on level 3 of the Dungeon)
Scrolls
 i - 5 scrolls of enchant armour
 k - 4 scrolls of fear
 m - 7 scrolls of teleportation {@r4}
 q - 5 scrolls of magic mapping
 s - 3 scrolls of remove curse {@r2}
 w - 3 scrolls of blinking
 B - 2 scrolls of amnesia
 D - a scroll of torment {unknown}
 H - a scroll of acquirement {unknown}
 I - a scroll of fog
 J - a scroll of noise {unknown}
 L - a scroll of summoning {unknown}
 M - a scroll of silence {unknown}
 S - a scroll of brand weapon {unknown}
Potions
 a - 3 potions of lignification {!q}
 d - 6 potions of might
 g - 6 potions of mutation {!q}
 h - 3 potions of flight
 j - 4 potions of degeneration {!q}
 n - 2 potions of invisibility
 o - a potion of berserk rage
 p - 10 potions of curing {@q1}
 r - 4 potions of brilliance
 E - 2 potions of stabbing
 P - a potion of experience {unknown}
 Q - 2 potions of magic
Miscellaneous
 V - a phantom mirror
   (You found it on level 6 of the Dungeon)


   Skills:
 + Level 14.3 Fighting
 - Level 12.0 Maces & Flails
 - Level 3.2 Armour
 + Level 14.3 Shields


You had 12 spell levels left.
You didn't know any spells.
Your spell library contained the following spells:

 Spells                   Type           Power        Failure   Level
 Foxfire                  Conj/Fire      #...         94%         1
 Conjure Flame            Conj/Fire      #.......     100%        3
 Inner Flame              Hex/Fire       #.......     100%        3
 Sticky Flame             Conj/Fire      #.......     100%        4
 Fireball                 Conj/Fire      #.........   100%        5


Dungeon Overview and Level Annotations

Branches:
Dungeon (15/15)            Temple (1/1) D:7            Lair (0/6) D:10
    Orc (0/2) D:9          Vaults (0/5) D:13          Sewer (visited)
 Bailey (visited)
 Depths: D:15

Altars:
Ashenzari
Cheibriados
Dithmenos
Elyvilon
Fedhas
Gozag
Hepliaklqana
Kikubaaqudgha
Makhleb
Nemelex Xobeh
Okawaru
Qazlal
Ru
Sif Muna
Trog
Uskayaw
Vehumet
Wu Jian
Xom
Yredelemnul
Zin
The Shining One

Shops:
D:11 *   D:12 (

Annotations:
D:11 1 runed translucent door, thesequoiad's ghost, journeyman TrMo
D:12 2 transporters, alcopop's ghost, journeyman OpDe
D:14 Rupert


Innate Abilities, Weirdness & Mutations

You are resistant to torment.
Your stone body is resilient. (AC +9)
You are immune to poison.
You resist negative energy. (rN+)
You are resistant to electric shocks. (rElec)
You can survive without breathing.
You are immune to petrification.
You are immune to rotting.


Message History

You block something's attack.
You hear a shout!
Something hits you!!
* * * LOW HITPOINT WARNING * * *
Something freezes you!
* * * LOW HITPOINT WARNING * * *
You see here 16 stones.
You suddenly lose the ability to move!
You are confused.
You can move again.
You feel much better.
You're too confused to move!
Unknown command.
You're too confused to move!
Something hits you but does no damage.
You feel less confused.
You suddenly lose the ability to move!
You can move again.
Unknown command.
Something tries to affect you, but you resist.
Rupert appears from thin air!
Reactivating autopickup.
Rupert rages. x2
Rupert hits you with a +2 battleaxe of freezing!
Rupert freezes you.
* * * LOW HITPOINT WARNING * * *
You whack Rupert! You whack Rupert!
Rupert hits you with a +2 battleaxe of freezing.
* * * LOW HITPOINT WARNING * * *
Rupert freezes you.
* * * LOW HITPOINT WARNING * * *
You whack Rupert!
Unknown command.
You hit Rupert.
Rupert hits you with a +2 battleaxe of freezing!
* * * LOW HITPOINT WARNING * * *
Rupert freezes you.
* * * LOW HITPOINT WARNING * * *
You feel better. You block Rupert's attack.
You barely miss Rupert.
Rupert hits you with a +2 battleaxe of freezing!!
* * * LOW HITPOINT WARNING * * *
Rupert freezes you!
* * * LOW HITPOINT WARNING * * *
You fade into invisibility!
Rupert hits you with a +2 battleaxe of freezing.
* * * LOW HITPOINT WARNING * * *
Rupert freezes you.
You die...

.# #)###.....# ###### )#
#)###.....# #..... .# #.........#
#.#### .# #.........# #.# .#
#.......### #.# .# #...#.###
##### #.#
.#########.#.#####...#######.####
..........>(.......^...........(.
##########......@@...............
######.#.#####...#######.####
#......#...# #...#######.#
#......###'###...[)).....#
#.............###)########
#..........)..# #.#
#.............# #.#
#.......#########.#
#####...........#.# #


You could see Rupert (berserk).

Vanquished Creatures
  Fannar (D:10)
  A vault guard (D:13)
  A tengu warrior (D:13)
  Nergalle (D:10)
  2 deep elf knights (D:14)
  4 unseen horrors
  2 ugly things
  3 deep elf magi
  2 cyclopes (D:14)
  A manticore (D:13)
  Maurice (D:13)
  Maggie (D:9)
  A kobold demonologist (D:12)
  An efreet (D:14)
  2 komodo dragons
  A troll (D:12)
  3 hornets
  A hippogriff (D:10)
  6 slime creatures
  2 shadows (D:13)
  2 wyverns
  17 yaks
  3 hogs (D:12)
  A wraith (D:11)
  A basilisk (D:10)
  4 vampire mosquitoes (D:12)
  A steam dragon (D:7)
  An acid dragon (D:14)
  8 orc warriors
  2 necrophages
  2 black bears
  2 ice beasts (D:10)
  7 ogres
  7 phantoms
  2 sky beasts
  7 centaurs
  A crocodile (D:10)
  4 big kobolds
  8 bullfrogs
  A gnoll sergeant (D:9)
  5 scorpions
  13 killer bees
  4 wights (D:10)
  An electric eel (D:13)
  4 howler monkeys
  2 centaur zombies
  3 bullfrog zombies
  A quasit (D:9)
  15 hounds
  A jelly (D:10)
  12 orc priests
  3 bullfrog skeletons
  17 orc wizards
  5 iguanas
  Jessica (D:2)
  4 centaur skeletons
  10 worker ants
  A hound skeleton (D:4)
  A hound zombie (D:6)
  A worker ant zombie (D:8)
  Robin (D:4)
  17 gnolls
  18 adders
  2 river rats (Sewer)
  2 shadow imps (D:5)
  An ufetubus (D:8)
  An ooze (D:2)
  An adder skeleton (D:9)
  An adder zombie (D:5)
  3 worms
  7 dart slugs
  2 leopard geckos
  53 orcs
  10 giant cockroaches
  18 goblins
  17 hobgoblins
  7 jackals
  2 quokkas (D:6)
  6 ball pythons
  6 bats
  3 frilled lizards (D:2)
  32 kobolds
  A leopard gecko skeleton (D:9)
  11 rats
444 creatures vanquished.

Vanquished Creatures (others)
  Kirke (D:12)
  A bullfrog (D:12)
  A scorpion (D:12)
  An orc (D:12)
  2 withered plants (D:11)
6 creatures vanquished.

Grand Total: 450 creatures vanquished

Notes
Turn   | Place    | Note
-------+----------+-------------------------------------------
     0 | D:1      | MrTaco21 the Gargoyle Fighter began the quest for the Orb.
     0 | D:1      | Reached XP level 1. HP: 14/14 MP: 1/1
   228 | D:1      | Reached XP level 2. HP: 19/19 MP: 2/2
   863 | D:2      | Reached XP level 3. HP: 23/23 MP: 3/3
  1042 | D:2      | Noticed Jessica
  1052 | D:2      | Killed Jessica
  1055 | D:2      | Reached XP level 4. HP: 10/28 MP: 4/4
  1715 | D:2      | Reached skill level 5 in Maces & Flails
  1730 | D:2      | Found a glowing silver altar of Zin.
  1773 | D:2      | Reached XP level 5. HP: 31/32 MP: 5/5
  3068 | D:4      | Found an iron altar of Okawaru.
  3083 | D:4      | Became a worshipper of Warmaster Okawaru
  3155 | D:4      | Reached XP level 6. HP: 26/37 MP: 6/6
  3444 | D:4      | Noticed Robin
  3491 | D:4      | Killed Robin
  4027 | D:5      | Entered Level 5 of the Dungeon
  4213 | D:6      | Reached XP level 7. HP: 16/41 MP: 7/7
  4621 | D:6      | Found a glowing drain.
  4661 | Sewer    | Entered a sewer
  4840 | Sewer    | Reached * piety under Okawaru
  4911 | Sewer    | Found a white marble altar of Elyvilon.
  5196 | D:6      | Reached XP level 8. HP: 28/46 MP: 8/8
  5626 | D:6      | Found a transporter.
  5646 | D:6      | Found a transporter.
  5658 | D:6      | Noticed a kobold demonologist
  5669 | D:6      | Reached skill level 10 in Maces & Flails
  5822 | D:6      | Reached ** piety under Okawaru
  7067 | D:5      | Reached XP level 9. HP: 17/51 MP: 9/9
  7805 | D:7      | Found a staircase to the Ecumenical Temple.
  7837 | Temple   | Entered the Ecumenical Temple
  9050 | D:8      | Reached *** piety under Okawaru
  9187 | D:9      | HP: 2/53 [killer bee (3)]
  9197 | D:8      | Reached skill level 5 in Fighting
  9197 | D:8      | Reached skill level 5 in Shields
  9850 | D:9      | Noticed Maggie
 10118 | D:9      | Noticed a hornet
 10137 | D:8      | Killed a hornet
 10137 | D:8      | Reached XP level 10. HP: 33/60 MP: 10/10
 10442 | D:9      | Killed Maggie
 10442 | D:9      | Reached **** piety under Okawaru
 10866 | D:9      | Found a staircase to the Orcish Mines.
 11214 | D:9      | Identified the amulet "Misa" {Regen+ Int+3}
 11763 | D:10     | Entered Level 10 of the Dungeon
 11803 | D:10     | Reached ***** piety under Okawaru
 11883 | D:10     | Reached XP level 11. HP: 71/71 MP: 11/11
 11914 | D:10     | Found a staircase to the Lair.
 12151 | D:10     | Noticed Fannar
 12189 | D:10     | Killed Fannar
 12652 | D:10     | Reached skill level 10 in Fighting
 12652 | D:10     | Reached skill level 10 in Shields
 12657 | D:10     | Received a gift from Okawaru
 12783 | D:10     | Noticed Nergalle
 12816 | D:10     | Killed Nergalle
 13094 | D:11     | Noticed a red ugly thing
 13115 | D:11     | Killed a red ugly thing
 13204 | D:11     | Found a sacrificial altar of Ru.
 13226 | D:11     | Found Qeudamp's Assorted Antiques.
 13237 | D:11     | Found a runed translucent door.
 13237 | D:11     | Noticed thesequoiad's ghost (journeyman TrMo)
 13373 | D:11     | Bought a scroll of identify for 62 gold pieces
 13441 | D:11     | Killed an unseen horror
 14472 | D:12     | Found Ungoi's Antique Weapon Boutique.
 14589 | D:11     | Received a gift from Okawaru
 14603 | D:11     | Reached XP level 12. HP: 65/80 MP: 12/12
 14984 | D:12     | Found a transporter.
 14990 | D:12     | Noticed a death knight
 14995 | D:12     | Noticed a death knight
 15006 | D:12     | Found a transporter.
 15653 | D:12     | Noticed alcopop's ghost (journeyman OpDe)
 15827 | D:13     | Found a flagged portal.
 15834 | D:13     | Noticed Maurice
 15866 | D:13     | Paralysed by Maurice for 6 turns
 15901 | Bailey   | Entered a bailey
 16598 | D:13     | Noticed Kirke
 16668 | D:12     | Killed Kirke
 16786 | D:13     | Paralysed by Maurice for 6 turns
 16800 | D:13     | Killed Maurice
 16943 | D:13     | Noticed a vault guard
 17296 | D:13     | Reached ****** piety under Okawaru
 17475 | D:13     | Killed a vault guard
 17476 | D:13     | Found a gate to the Vaults.
 17624 | D:13     | Noticed a tengu warrior
 17650 | D:13     | Killed a tengu warrior
 17831 | D:14     | Received a gift from Okawaru
 17857 | D:14     | Reached XP level 13. HP: 70/89 MP: 13/13
 18311 | D:14     | Found a burning altar of Makhleb.
 18500 | D:14     | Received a gift from Okawaru
 19790 | D:15     | Entered Level 15 of the Dungeon
 19793 | D:15     | Noticed Rupert
 19825 | D:14     | Paralysed by something for 4 turns
 19836 | D:14     | Paralysed by something for 2 turns
 19852 | D:14     | HP: 3/91 [Rupert/+2 battleaxe of freezing (8)]
 19853 | D:14     | HP: 1/91 [Rupert/+2 battleaxe of freezing (3)]
 19853 | D:14     | Slain by Rupert

Illustrated notes

Levels and vault maps discovered:
D:1:      dpeg_arrival_leaves_temple_mockup, layout_basic
D:2:      layout_loops_corners, marbit_many_paths, uniq_jessica
D:3:      layout_basic, minmay_fountain_box, saegor_snake_ambush
D:4:      layout_basic, okawaru_gym_becter, uniq_robin
D:5:      kennysheep_slugbush, layout_layer_cave
D:6:      gammafunk_wand_slinger, layout_loops_ring, gup_sewer_entry_glass,
          grunt_decor_arrowhead
D:7:      layout_basic, minmay_temple_entry_grid
D:8:      layout_gridville, kennysheep_generic_room_12
D:9:      layout_irregular_city, hiddenorc2_lemuel, uniq_maggie
D:10:     layout_loops_corners, david_lair_generic, uniq_fannar, uniq_nergalle
D:11:     layout_gridville, serial_shops, nicolae_shop_overgrown_old_shop,
          basic_altar, gammafunk_ghost_grave
D:12:     layout_basic, serial_shops, shop, gammafunk_ghost_mausoleum,
          grunt_ministairs_4, lemuel_freeze_loot_1
D:13:     layout_basic, david_vaults_5, enter_bailey_6, uniq_kirke, uniq_maurice
D:14:     layout_basic, basic_altar, minmay_misc_feat_ornament
D:15:     grunt_enter_depths_magical_seal, layout_loops_ring,
          serial_park_tiny_1, uniq_nessos, uniq_rupert, uniq_agnes
Temple:   nicolae_temple_the_god_donut

Skill      XL: |  1  2  3  4  5  6  7  8  9 10 11 12 13 |
---------------+----------------------------------------+-----
Maces & Flails | 3 4 5 6 7 9 11 12 | 12.0
Fighting       | 6 9 11 13 14 | 14.3
Shields        | 6 9 11 13 14 | 14.3
Armour         | |  3.2

Action                   |  1- 3 |  4- 6 |  7- 9 | 10-12 | 13-15 || total
-------------------------+-------+-------+-------+-------+-------++-------
Melee: Flail             |    87 |   106 |       |       |       ||   193
       Whip              |       |   188 |   394 |     9 |    17 ||   608
       Demon whip        |       |       |    32 |  1245 |   190 ||  1467
       Unarmed           |       |       |       |    17 |       ||    17
Throw: Dart              |       |       |       |    17 |     4 ||    21
Invok: Heroism           |       |       |       |     1 |     1 ||     2
  Use: Scroll            |       |     4 |    13 |     8 |     1 ||    26
       Potion            |       |       |     3 |     8 |     4 ||    15
Armor: Scale mail        |    51 |   152 |   151 |    12 |       ||   366
       Chain mail        |       |       |       |   646 |    71 ||   717
Dodge: Dodged            |    26 |    79 |   111 |   167 |    30 ||   413
Block: Kite shield       |    51 |   127 |   209 |   564 |    88 ||  1039

Table legend: (Time is in decaauts)
 A = Elapsed time spent in this place.
 B = Non-inter-level travel time spent in this place.
 C = Inter-level travel time spent in this place.
 D = Time resting spent in this place.
 E = Time spent auto-exploring this place.
 F = Levels seen in this place.
 G = Mean time per level.
                   A        B        C        D        E       F      G
               +--------+--------+--------+--------+--------+-----+--------+
         Total |  19171 |  17426 |   1745 |   3403 |   9790 |  18 | 1065.1 |
       Dungeon |  18005 |  16270 |   1735 |   3218 |   9215 |  15 | 1200.3 |
        Temple |    246 |    236 |     10 |      0 |    235 |   1 |  246.0 |
         Sewer |    408 |    408 |      0 |      0 |    224 |   1 |  408.0 |
        Bailey |    511 |    511 |      0 |    185 |    115 |   1 |  511.0 |
               +--------+--------+--------+--------+--------+-----+--------+

Top non-repeatable levels by time:
     D:8: 1940 daAuts
     D:6: 1670 daAuts
     D:5: 1611 daAuts
    D:12: 1572 daAuts
    D:11: 1426 daAuts
     D:2: 1279 daAuts
    D:13: 1247 daAuts
     D:3: 1193 daAuts
    D:14: 1162 daAuts
     D:4: 1083 daAuts
    D:10: 1080 daAuts
     D:7: 1076 daAuts
     D:9: 1013 daAuts
     D:1: 641 daAuts
  Bailey: 511 daAuts
